 Dungeon Crawl Stone Soup version 0.23-a0-241-g3b46b07 (webtiles) character file.

20325 Ijustatesigmund the Cleaver (level 12, -10/84 HPs)
             Began as an Octopode Fighter on Sept 26, 2018.
             Was a High Priest of Okawaru.
             Mangled by a three-headed hydra simulacrum (16 damage)
             ... on level 2 of the Lair of Beasts.
             The game lasted 00:53:29 (14807 turns).

Ijustatesigmund the Cleaver (Octopode Fighter)     Turns: 14807, Time: 00:53:31

Health: -10/84     AC:  5    Str: 15    XL:     12   Next: 78%
Magic:  22/28      EV: 19    Int: 12    God:    Okawaru [*****.]
Gold:   703        SH: 16    Dex: 15    Spells: 9/11 levels left

rFire    . . .     SeeInvis .   n - +4 broad axe (freeze)
rCold    + . .     Gourm    .   b - +4 shield
rNeg     . . .     Faith    .   (helmet restricted)
rPois    .         Spirit   .   r - amulet of rage
rElec    .         Reflect  .   v - ring of flight
rCorr    +         Harm     .   x - ring of resist corrosion
MR       .....                  a - ring of stealth
Stlth    +++++++...             A - ring of magical power (curse)
HPRegen  0.24/turn              E - ring of protection from fire
MPRegen  0.21/turn              F - +4 ring of protection
                                e - ring of ice
                                (no ring)

@: heroism, finesse, very slightly contaminated
A: almost no armour, stealthy swim, amphibious, 8 rings, constrict 8, camouflage
1, gelatinous body 1
a: Heroism, Finesse, Renounce Religion, Evoke Berserk Rage, Evoke Flight


You were on level 2 of the Lair of Beasts.
You worshipped Okawaru.
Okawaru was extremely pleased with you.
You were not hungry.

You visited 4 branches of the dungeon, and saw 15 of its levels.
You also visited: Labyrinth.

You collected 703 gold pieces.

Inventory:

Hand Weapons
 c - a +2 whip of venom
 n - a +4 broad axe of freezing (weapon)
 t - a +1 whip of flaming
 w - a +3 flail of protection
Missiles
 f - 26 tomahawks
 y - 19 javelins (quivered)
Armour
 b - a +4 shield (worn)
Jewellery
 a - a ring of stealth (on tentacle)
 e - a ring of ice (on tentacle)
 r - an amulet of rage (around mantle)
 v - a ring of flight (left tentacle)
 x - a ring of resist corrosion (right tentacle)
 z - an uncursed amulet of the acrobat
 A - a cursed ring of magical power (on tentacle)
 E - a ring of protection from fire (on tentacle)
 F - a +4 ring of protection (on tentacle)
Wands
 m - a wand of disintegration (12)
 q - a wand of iceblast (21)
 u - a wand of flame (35)
 C - a wand of paralysis (17)
 G - a wand of polymorph (13)
Scrolls
 j - 2 scrolls of identify
 k - 9 scrolls of remove curse
 l - 3 scrolls of amnesia
 p - a scroll of magic mapping
Potions
 g - 4 potions of lignification
 h - a potion of magic
 i - 3 potions of curing
 o - a potion of cancellation
 s - 2 potions of flight
 D - a potion of heal wounds
 H - a potion of ambrosia
Comestibles
 d - 8 rations


   Skills:
 + Level 8.4(13.4) Fighting
 * Level 12.3(17.3) Axes
 - Level 1.4(6.4) Throwing
 - Level 5.0(10.0) Dodging
 - Level 5.4(10.4) Stealth
 - Level 6.1(11.1) Shields
 - Level 7.7 Summonings
 + Level 9.8 Invocations
 - Level 4.9 Evocations


You had 9 spell levels left.
You knew the following spells:

 Your Spells              Type           Power        Failure   Level  Hunger
a - Apportation           Tloc           #.....       47%         1    ##.....
b - Summon Butterflies    Summ           ###.....     2%          1    ##.....

Your spell library contained the following spells:

 Spells                   Type           Power        Failure   Level  Hunger
 Summon Small Mammal      Summ           ###.         2%          1    ##.....
 Call Imp                 Summ           ###.....     3%          2    ###....
 Animate Skeleton         Necr           N/A          47%         1    ##.....
 Confusing Touch          Hex            #.....       47%         1    ##.....
 Magic Dart               Conj           #...         47%         1    ##.....
 Pain                     Necr           #...         47%         1    ##.....
 Blink                    Tloc           N/A          63%         2    ###....
 Searing Ray              Conj           #.....       63%         2    ###....
 Slow                     Hex            #.......     63%         2    ###....
 Conjure Flame            Conj/Fire      #.......     85%         3    ####...
 Dazzling Spray           Conj/Hex       #.....       85%         3    ####...
 Lesser Beckoning         Tloc           #.........   85%         3    ####...
 Mephitic Cloud           Conj/Pois/Air  #.......     85%         3    ####...
 Regeneration             Chrm/Necr      #.........   85%         3    ####...
 Tukima's Dance           Hex            #.......     85%         3    ####...
 Vampiric Draining        Necr           #.........   85%         3    ####...
 Animate Dead             Necr           N/A          99%         4    #####..
 Force Lance              Conj/Tloc      #.......     99%         4    #####..
 Fulminant Prism          Conj/Hex       #.........   99%         4    #####..
 Iskenderun's Mystic Bla  Conj           #.......     99%         4    #####..
 Alistair's Intoxication  Tmut/Pois      #.......     100%        5    ######.
 Invisibility             Hex            #.......     100%        6    #######


Dungeon Overview and Level Annotations

Branches:
Dungeon (11/15)            Temple (1/1) D:6            Lair (2/6) D:8
    Orc (1/2) D:10
  Swamp: Lair:2-4    Shoals: Lair:2-4     Snake: Lair:2-4    Spider: Lair:2-4

Altars:
Ashenzari
Cheibriados
Dithmenos
Elyvilon
Fedhas
Gozag
Hepliaklqana
Kikubaaqudgha
Makhleb
Nemelex Xobeh
Okawaru
Qazlal
Ru
Trog
Vehumet
Wu Jian
Yredelemnul
The Shining One

Shops:
D:4 (   D:6 [   D:11 }

Annotations:
Lair:2 feelmyfire's ghost, journeyman DrCj


Innate Abilities, Weirdness & Mutations

You cannot wear most types of armour.
You are very stealthy in the water. (Stealth+)
You are amphibious.
You can wear up to eight rings at the same time.
You can use your tentacles to constrict eight enemies at once.
Your skin changes colour to match your surroundings (Stealth+).
Your rubbery body absorbs attacks. (AC +1, EV +1)


Message History

The magic dart hits you!
Casting: Apportation (safe; 47% risk of failure)
Confirm with . or Enter, or press ? or * to list all spells.
Aiming: Apportation (safe; 47% risk of failure)
Press: ? - help, Dir - move target cursor Apport: the ring "Plog" {Fire} You miscast Apportation.
You are very lightly contaminated with residual magic.
Strange energies run through your body. The rime drake breathes ice at you.
You block the flash freeze.
The three-headed hydra simulacrum bites you!
The three-headed hydra simulacrum freezes you!
You resist.
* * * LOW HITPOINT WARNING * * *
The three-headed hydra simulacrum bites you!
* * * LOW HITPOINT WARNING * * *
The three-headed hydra simulacrum freezes you!
You resist.
You die...

#####..##.......##..##******* #
#.#.P..#.........##.#*,*#,*,**###
......##..........#...,..,,,,....
......#...####....##.....,,,,....
.....##..##$!###...#.....,,,,....
.....#..##...(.##..#....[,,,,....
.##..#..#.......#..#..#.#****.###
###..#..##....=k#..##.#*,* *** #
#..##..#*#..ZZ@...#,#***
##..#,.......W†..##,*
##.##,..####..###,,*
#..#####..####..,,**
##.............***,* ***
#.#..#.#.....####*** ###
,,*###....##P....P#.########.####
,,...............................
,.....>..........................


You could see a rime drake, feelmyfire's ghost, a three-headed hydra simulacrum
and a death yak simulacrum.

Vanquished Creatures
  A minotaur (Lab)
  The ghost of HydraWiggins the Fighter, a journeyman OgAE of Vehumet (D:10)
  2 two-headed ogres
  Nergalle (Lair:1)
  Pikel (D:5)
  3 ugly things (D:11)
  The ghost of TheNamelessOne the Skirmisher, a novice OgMo (D:4)
  A manticore (D:11)
  2 cyclopes (D:11)
  A gargoyle (D:10)
  2 spiny frogs
  3 kobold demonologists (D:10)
  3 rime drakes
  3 trolls
  5 blink frogs (Lair:2)
  4 hippogriffs
  A human (D:8)
  A basilisk (Lair:1)
  14 yaks
  2 hungry ghosts (D:11)
  Eustachio (D:5)
  5 ice beasts
  8 orc warriors
  4 slaves
  A black bear (D:10)
  2 phantoms (D:7)
  3 wolves (D:8)
  An ogre (D:10)
  11 centaurs
  4 crocodiles
  10 big kobolds
  7 bullfrogs
  A wyvern skeleton (D:11)
  3 scorpions
  5 wights (D:8)
  2 electric eels (D:8)
  4 crimson imps
  A komodo dragon simulacrum (Lair:2)
  A hippogriff simulacrum (Lair:2)
  A quasit (D:10)
  2 centaur zombies (D:6)
  10 hounds
  2 bullfrog skeletons
  7 orc priests
  A centaur skeleton (D:10)
  3 jellies
  16 orc wizards
  3 iguanas
  Ijyb (D:4)
  8 worker ants
  A yak simulacrum (Lair:2)
  2 hound zombies
  A hound skeleton (D:5)
  3 howler monkey skeletons
  9 adders
  A crocodile simulacrum (Lair:2)
  2 shadow imps
  An ooze (D:3)
  An adder zombie (D:5)
  3 worms
  A dart slug (D:3)
  4 leopard geckos
  44 orcs
  4 giant cockroaches
  8 goblins
  13 hobgoblins
  14 jackals
  7 kobolds
  10 bats
  10 frilled lizards
  A quokka skeleton (D:4)
  7 rats
  A spectral orc (D:3)
328 creatures vanquished.

Vanquished Creatures (others)
  A human (D:8)
1 creature vanquished.

Grand Total: 329 creatures vanquished

Notes
Turn   | Place    | Note
-------+----------+-------------------------------------------
     0 | D:1      | Ijustatesigmund the Octopode Fighter began the quest for
                  | the Orb.
     0 | D:1      | Reached XP level 1. HP: 16/16 MP: 1/1
   144 | D:1      | Reached XP level 2. HP: 20/21 MP: 2/2
   312 | D:1      | Reached skill level 3 in Axes
   543 | D:1      | Reached XP level 3. HP: 17/26 MP: 3/3
  1043 | D:2      | Noticed a centaur
  1116 | D:2      | Found an ancient bone altar of Kikubaaqudgha.
  1397 | D:2      | Killed a centaur
  1397 | D:2      | Reached skill level 5 in Axes
  1397 | D:2      | Reached XP level 4. HP: 14/31 MP: 4/4
  1397 | D:2      | Reached XP level 5. HP: 17/36 MP: 5/5
  1820 | D:2      | Found a white marble altar of Elyvilon.
  1947 | D:2      | Found a glowing golden altar of the Shining One.
  2239 | D:3      | Found a snail-covered altar of Cheibriados.
  2493 | D:3      | Found a sparkling altar of Nemelex Xobeh.
  2642 | D:3      | Found a basalt altar of Yredelemnul.
  2709 | D:4      | Reached XP level 6. HP: 42/42 MP: 6/6
  3042 | D:4      | Found Wipp's Antique Weapon Boutique.
  3104 | D:4      | Reached skill level 6 in Axes
  3266 | D:4      | Reached XP level 7. HP: 48/48 MP: 7/7
  3376 | D:4      | Noticed Ijyb
  3388 | D:4      | Killed Ijyb
  3617 | D:4      | Found a runed door.
  3620 | D:4      | Noticed TheNamelessOne's ghost (novice OgMo)
  3842 | D:5      | Entered Level 5 of the Dungeon
  4179 | D:6      | Found a staircase to the Ecumenical Temple.
  4187 | Temple   | Entered the Ecumenical Temple
  4254 | Temple   | Became a worshipper of Warmaster Okawaru
  4577 | D:6      | Reached skill level 1 in Stealth
  4616 | D:6      | Reached skill level 1 in Invocations
  4718 | D:6      | Reached * piety under Okawaru
  4718 | D:6      | Reached XP level 8. HP: 50/54 MP: 9/9
  4776 | D:6      | Found a blossoming altar of Fedhas.
  4879 | D:6      | Found a blossoming altar of Fedhas.
  5223 | D:6      | Found Peabb's Antique Armour Emporium.
  5511 | D:5      | Noticed Eustachio
  5522 | D:5      | Killed Eustachio
  5636 | D:5      | Reached skill level 5 in Stealth
  5745 | D:5      | Noticed Pikel
  6140 | D:5      | Killed Pikel
  6140 | D:5      | Reached ** piety under Okawaru
  6140 | D:5      | Reached skill level 7 in Axes
  6140 | D:5      | Reached skill level 5 in Shields
  6140 | D:5      | Reached skill level 5 in Invocations
  6140 | D:5      | Reached XP level 9. HP: 53/59 MP: 9/12
  6356 | D:4      | Killed TheNamelessOne's ghost
  6608 | D:7      | Reached skill level 1 in Evocations
  6853 | D:7      | Reached *** piety under Okawaru
  7079 | D:7      | Reached skill level 8 in Axes
  7537 | D:7      | Found an ornate altar of the Wu Jian Council.
  7620 | D:8      | Noticed a two-headed ogre
  7631 | D:8      | Killed a two-headed ogre
  7631 | D:8      | Reached XP level 10. HP: 57/65 MP: 12/15
  7639 | D:8      | Reached **** piety under Okawaru
  7832 | D:9      | Reached skill level 9 in Axes
  7889 | D:9      | Found a sacrificial altar of Ru.
  7990 | D:8      | Reached skill level 5 in Fighting
  8226 | D:8      | Found a staircase to the Lair.
  8253 | Lair:1   | Entered Level 1 of the Lair of Beasts
  8525 | D:8      | Found an ancient bone altar of Kikubaaqudgha.
  9157 | D:9      | Reached ***** piety under Okawaru
  9157 | D:9      | Reached skill level 1 in Throwing
  9453 | D:10     | Entered Level 10 of the Dungeon
  9523 | D:10     | Found a staircase to the Orcish Mines.
  9583 | D:10     | Reached skill level 5 in Dodging
  9626 | D:10     | Learned a level 1 spell: Apportation
  9628 | D:10     | Learned a level 1 spell: Summon Butterflies
  9717 | D:10     | Found a runed gate.
  9717 | D:10     | Found a runed gate.
  9719 | D:10     | Found a runed gate.
  9726 | D:10     | Noticed a kobold demonologist
  9726 | D:10     | Noticed HydraWiggins's ghost (journeyman OgAE)
  9726 | D:10     | Noticed a kobold demonologist
  9791 | D:10     | Reached skill level 1 in Summonings
  9973 | D:10     | Reached XP level 11. HP: 73/73 MP: 13/16
 10117 | D:10     | Found a radiant altar of Vehumet.
 10153 | D:10     | Found an opulent altar of Gozag.
 10729 | D:10     | Reached skill level 5 in Summonings
 10897 | D:11     | Noticed a two-headed ogre
 10900 | D:11     | Noticed a cyclops
 10904 | D:11     | Noticed a purple ugly thing
 10909 | D:11     | Killed a two-headed ogre
 10914 | D:11     | Killed a cyclops
 10921 | D:11     | Noticed a manticore
 11309 | D:10     | Received a gift from Okawaru
 11453 | D:11     | Reached skill level 10 in Axes
 11817 | D:11     | Found Miofruv's Gadget Shoppe.
 11879 | D:11     | Killed a purple ugly thing
 11947 | D:11     | Killed a manticore
 12287 | D:11     | Noticed a cyclops
 12306 | D:11     | Killed a cyclops
 12323 | D:11     | Noticed a red ugly thing
 12330 | D:11     | Killed a red ugly thing
 12330 | D:11     | Reached XP level 12. HP: 81/81 MP: 18/18
 12461 | D:11     | Reached skill level 11 in Axes
 12468 | D:11     | Received a gift from Okawaru
 12520 | Orc:1    | Entered Level 1 of the Orcish Mines
 12599 | D:10     | Killed HydraWiggins's ghost
 13363 | Lair:1   | Noticed Nergalle
 13376 | Lair:1   | Killed Nergalle
 14092 | Lair:2   | Found a labyrinth entrance.
 14102 | Lab      | Entered a labyrinth
 14252 | Lab      | Noticed a minotaur
 14265 | Lab      | Killed a minotaur
 14265 | Lab      | Reached skill level 12 in Axes
 14506 | Lair:2   | Received a gift from Okawaru
 14767 | Lair:2   | Found a runed gate.
 14769 | Lair:2   | Found a runed gate.
 14770 | Lair:2   | Found a runed gate.
 14792 | Lair:2   | Noticed feelmyfire's ghost (journeyman DrCj)
 14807 | Lair:2   | Mangled by a three-headed hydra simulacrum

Vault maps used:
D:1:      minmay_arrival_checkered_box, minmay_misc_feat_rugged,
          solitary_fountain, grunt_decor_mini_mirrors
D:2:      kiku_gazebo_garden_becter, marbit_many_paths, tso_metal_star,
          hangedman_abyss_or_decor_lesser_grid, st_stairs_1, minmay_tetromino_s2
D:3:      kennysheep_slug_shrine, yredelemnul_forgotten_temple_becter,
          lemuel_doored_altar
D:4:      wad_crossroads, serial_shops, shop, first_ration,
          gammafunk_ghost_grave, uniq_ijyb
D:5:      minivault_1, uniq_pikel, uniq_eustachio
D:6:      nicolae_overflow_crystal_walls, minmay_temple_entry_junction_2,
          serial_shops, shop, basic_altar
D:7:      kennysheep_mini_moat
D:8:      erik_lair_island, grunt_pizzeria, corexii_leaking_fountain,
          tgw_kikubaaqudgha
D:9:      nicolae_ru_great_annihilating_truth
D:10:     david_orc_2, gammafunk_ghost_nasty_kobolds, basic_altar,
          grunt_gozag_statues
D:11:     serial_shops, shop, centaur_isle
Temple:   dshaligram_water_room_temple
Lair:1:   grunt_megastairs_4, infiniplex_staircase_pool_2, uniq_nergalle
Lair:2:   gammafunk_ghost_icy, lab_entry_generic, uniq_sonja
Lab:      nicolae_lab_dead_adventurers

Skill      XL: |  1  2  3  4  5  6  7  8  9 10 11 12 |
---------------+-------------------------------------+-----
Axes           | 3 5 6 7 8 9 10 12 | 12.3
Dodging        | 4 5 |  5.0
Fighting       | 4 6 7 8 |  8.4
Stealth        | 2 5 |  5.4
Invocations    | 1 5 7 8 9 |  9.8
Shields        | 5 6 |  6.1
Evocations     | 4 |  4.9
Throwing       | 1 |  1.4
Summonings     | 2 7 |  7.7

Action                   |  1- 3 |  4- 6 |  7- 9 | 10-12 || total
-------------------------+-------+-------+-------+-------++-------
Melee: War axe           |    67 |    92 |   226 |   109 ||   494
       Constrict         |    18 |    20 |    45 |    59 ||   142
       Tentacles         |     7 |    16 |    54 |    91 ||   168
       Punch             |       |       |     3 |    10 ||    13
       Hand axe          |       |       |       |   112 ||   112
       Broad axe         |       |       |       |   196 ||   196
Throw: Tomahawk          |       |    21 |    31 |    11 ||    63
       Javelin           |       |       |       |    35 ||    35
 Cast: Apportation       |       |       |       |     1 ||     1
Invok: Heroism           |       |       |    11 |    24 ||    35
       Finesse           |       |       |       |     6 ||     6
 Abil: Evoke Berserk Rag |       |       |     2 |     7 ||     9
Evoke: Wand              |       |       |     8 |    23 ||    31
  Use: Scroll            |     5 |     3 |    10 |    12 ||    30
       Potion            |     2 |     3 |     1 |     3 ||     9
 Stab: Sleeping          |     6 |     4 |     7 |    16 ||    33
       Invisible         |       |       |       |     4 ||     4
       Distracted        |       |       |       |     1 ||     1
  Eat: Ration            |     1 |       |     3 |     6 ||    10
       Chunk             |       |     4 |     5 |    11 ||    20
Armor: Skin              |     3 |     5 |     7 |     7 ||    22
Dodge: Dodged            |    26 |    40 |    73 |   173 ||   312
Block: Shield            |    32 |    55 |   110 |   235 ||   432

Table legend:
 A = Non-vault XP
 B = Vault XP
 C = Vault XP percentage of total XP
 D = Non-vault monster count
 E = Vault monster count
 F = Vault count percentage of total count
                 A         B        C        D         E       F
            +---------+---------+-------+---------+---------+-------
      Total |   19837 |    9200 |  31.7 |     261 |      63 |  19.4
            +---------+---------+-------+---------+---------+-------
        D:1 |      38 |       0 |   0.0 |      23 |       0 |   0.0
        D:2 |      53 |     127 |  70.6 |      21 |       5 |  19.2
        D:3 |      23 |       5 |  17.9 |      11 |       2 |  15.4
        D:4 |     386 |     688 |  64.1 |      24 |       6 |  20.0
        D:5 |     658 |     795 |  54.7 |      15 |       2 |  11.8
        D:6 |     513 |       0 |   0.0 |      13 |       0 |   0.0
        D:7 |     952 |       0 |   0.0 |      25 |       0 |   0.0
        D:8 |    2244 |    1020 |  31.2 |      25 |       8 |  24.2
        D:9 |    1197 |      37 |   3.0 |      28 |       4 |  12.5
       D:10 |    3610 |    3055 |  45.8 |      30 |      20 |  40.0
       D:11 |    7255 |     658 |   8.3 |      34 |       6 |  15.0
     Lair:1 |    1133 |    1127 |  49.9 |       6 |       3 |  33.3
     Lair:2 |    1775 |     488 |  21.6 |       6 |       6 |  50.0
        Lab |       0 |    1200 | 100.0 |       0 |       1 | 100.0
            +---------+---------+-------+---------+---------+-------
